 Dungeon Crawl Stone Soup version 0.25-a0-1007-g10a8c3caa8 (webtiles) character file.

Game seed: 10082987366011677009, levelgen mode: deterministic

112 Hasart the Skirmisher (level 4, -3/35 HPs)
             Began as a Mummy Fighter on May 11, 2020.
             Slain by a goblin
             ... wielding a +0 club
             ... led by Robin
              (5 damage)
             ... on level 3 of the Dungeon.
             The game lasted 00:03:46 (1770 turns).

Hasart the Skirmisher (Mummy Fighter)               Turns: 1770, Time: 00:03:46

Health: -3/35      AC:  8    Str: 20    XL:     4   Next: 64%
Magic:  4/4        EV:  8    Int:  7    God:
Gold:   147        SH:  9    Dex: 11    Spells: 3/3 levels left

rFire    x . .     SeeInvis .   a - +0 long sword
rCold    + + .     Gourm    .   c - +0 kite shield
rNeg     + + +     Faith    .   j - +1 ring mail {rC+}
rPois    ∞         Spirit   .   g - +2 hat
rElec    .         Reflect  .   (no cloak)
rCorr    +         Harm     .   (no gloves)
MR       .....                  (no boots)
Stlth    ++........             (no amulet)
HPRegen  0.11/turn              e - ring of stealth
MPRegen  0.09/turn              f - ring of resist corrosion

@: no status effects
A: no food or potions, fire vulnerability, cold resistance 1, negative energy
resistance 3, torment resistance, unbreathing
a: no special abilities


You were on level 3 of the Dungeon.
You were not hungry.

You visited 1 branch of the dungeon, and saw 3 of its levels.

You collected 147 gold pieces.

Inventory:

Hand Weapons
 a - a +0 long sword (weapon)
Armour
 c - a +0 kite shield (worn)
 g - a +2 hat (worn)
 j - a +1 ring mail of cold resistance (worn)
Jewellery
 e - a ring of stealth (left hand)
 f - a ring of resist corrosion (right hand)
 n - an uncursed amulet of guardian spirit {unknown}
Scrolls
 b - a scroll of teleportation {unknown}
 d - a scroll of enchant armour {unknown}
 h - 3 scrolls of remove curse {unknown}
 i - 2 scrolls of identify {unknown}
 k - 2 scrolls of amnesia {unknown}
 l - 2 scrolls of fear {unknown}
 m - a scroll of noise {unknown}


   Skills:
 + Level 3.5 Fighting
 * Level 2.7 Long Blades
 + Level 2.8 Armour
 + Level 1.1 Dodging
 + Level 2.8 Shields


You had 3 spell levels left.
You didn't know any spells.
Your spell library was empty.

Dungeon Overview and Level Annotations

Branches:
Dungeon (3/15)

Altars:


Innate Abilities, Weirdness & Mutations

You do not eat or drink.
Your flesh is vulnerable to fire.
You are immune to poison.
Your flesh is cold resistant. (rC+)
You are immune to negative energy. (rN+++)
You are immune to unholy pain and torment.
You can survive without breathing.


Message History

You slash the hobgoblin!
You kill the hobgoblin!
You closely miss the goblin. The goblin hits you with a +0 club.
* * * LOW HITPOINT WARNING * * *
Unknown command.
You hit the goblin but do no damage.
The hobgoblin no longer looks unusually strong.
The goblin hits you but does no damage. You block the hobgoblin's attack.
Unknown command.
You hit the goblin but do no damage.
The goblin no longer looks unusually strong.
You block the goblin's attack.
The hobgoblin hits you but does no damage.
Unknown command.
You closely miss the goblin. The hobgoblin barely misses you.
You riposte.
You closely miss the hobgoblin. You block the goblin's attack.
The hobgoblin hits you but does no damage.
Unknown command.
You closely miss the goblin. The goblin hits you with a +0 club.
You die...

.g##########
........rgg#
.........#@#
.........#.#
.........#.#
......(..#†#
.........#.#
##.#######.#######
.. #........#
#..#####.#
#..!.....#


You could see a hobgoblin, a goblin (strong) and a rat.

Vanquished Creatures
  Robin (D:3)
  3 adders
  A worm (D:2)
  A dart slug (D:1)
  3 leopard geckos
  3 orcs (D:3)
  A ball python (D:1)
  3 giant cockroaches
  10 goblins
  10 hobgoblins
  7 bats
  5 frilled lizards
  6 kobolds
  10 rats
64 creatures vanquished.

Notes
Turn   | Place    | Note
-------+----------+-------------------------------------------
     0 | D:1      | Hasart the Mummy Fighter began the quest for the Orb.
     0 | D:1      | Reached XP level 1. HP: 18/18 MP: 1/1
   234 | D:1      | Reached XP level 2. HP: 24/24 MP: 2/2
   495 | D:1      | Reached XP level 3. HP: 27/29 MP: 3/3
  1373 | D:2      | Reached XP level 4. HP: 33/35 MP: 4/4
  1381 | D:2      | Reached skill level 1 in Dodging
  1716 | D:3      | Noticed Robin
  1763 | D:3      | Killed Robin
  1766 | D:3      | HP: 1/35 [goblin/+0 club[Robin] (2)]
  1770 | D:3      | Slain by a goblin

Illustrated notes

Levels and vault maps discovered:
D:1:      doesnt_arrival_eight_statues, layout_basic, st_stairs_7
D:2:      layout_rooms
D:3:      layout_basic, first_ration, uniq_robin

Skill      XL: |  1  2  3  4 |
---------------+-------------+-----
Long Blades    | 2 |  2.7
Dodging        | 1 |  1.1
Fighting       | |  3.5
Armour         | |  2.8
Shields        | |  2.8

Action                   |  1- 3 |  4- 6 || total
-------------------------+-------+-------++-------
Melee: Long sword        |   143 |    70 ||   213
Armor: Scale mail        |    41 |       ||    41
       Ring mail         |    30 |    27 ||    57
Dodge: Dodged            |    61 |    34 ||    95
Block: Kite shield       |    97 |    43 ||   140
       Rpst.: Long sword |    18 |    16 ||    34

Table legend:
 A = Non-vault XP
 B = Vault XP
 C = Vault XP percentage of total XP
 D = Non-vault monster count
 E = Vault monster count
 F = Vault count percentage of total count
                 A         B        C        D         E       F
            +---------+---------+-------+---------+---------+-------
      Total |     130 |      31 |  19.3 |      55 |       9 |  14.1
            +---------+---------+-------+---------+---------+-------
        D:1 |      49 |       2 |   3.9 |      33 |       1 |   2.9
        D:2 |      53 |       0 |   0.0 |      16 |       0 |   0.0
        D:3 |      28 |      29 |  50.9 |       6 |       8 |  57.1
            +---------+---------+-------+---------+---------+-------
